AoeStats
← Coopz881006

Nomad

509110107Analyzed
2v2 RM · 5d ago on Sep 25, 2026· 50m 35s· 4 players
Game mode
Random Map
Map size
176×176
Population
200
Speed
Normal
Resources
Standard
Victory
Conquest
Starting age
Dark Age
Ending age
Imperial Age
RankedLock teamsTeams togetherTeam positionsShared explorationLock speedFull tech treeHidden civsTurbo modeCheats
Victory
Defeat
734
+13
🇬🇧 Japanese · United Kingdom
618
+18
🇵🇪 Burgundians · Peru
681
-16
🇨🇴 Maya · Colombia
648
-15
cooperwitch
5:54 Loom
17:19 Feudal Age
17:51 Horse Collar
20:30 Wheelbarrow
19:44 Double-Bit Axe
19:53 Gold Mining
23:31 Man-at-Arms
30:49 Castle Age
31:37 Long Swordsman
32:26 Crossbowman
43:47 Imperial Age
41:28 Heavy Plow
42:58 Caravan
45:00 Padded Archer Armor
44:53 Fletching
45:15 Forging
45:07 Scale Mail Armor
44:39 Two-Handed Swordsman
47:38 Arbalester
RavenSael
6:33 Loom
14:41 Feudal Age
13:58 Double-Bit Axe
15:45 Bow Saw
19:58 Fishing Lines
30:41 Castle Age
28:55 Horse Collar
30:11 Forging
30:25 Scale Barding Armor
31:01 Gillnets
31:17 Gold Mining
31:58 Heavy Plow
32:19 Husbandry
31:39 Cavalier
31:40 Light Cavalry
33:41 Iron Casting
33:52 Chain Barding Armor
34:50 Gold Shaft Mining
37:10 Two-Man Saw
41:14 Scale Mail Armor
Coopz881006
4:52 Loom
18:46 Feudal Age
20:05 Wheelbarrow
19:15 Horse Collar
19:25 Double-Bit Axe
19:39 Gold Mining
19:43 Stone Mining
28:39 Castle Age
28:40 Forging
28:31 Scale Mail Armor
28:50 Arson
29:55 Hand Cart
29:55 Bow Saw
30:42 Heavy Plow
31:48 Squires
32:26 Iron Casting
31:46 Town Watch
32:59 Chain Mail Armor
35:50 Gold Shaft Mining
36:41 Pikeman
37:08 Gambesons
49:46 Imperial Age
50:48 Conscription
看到我请提醒我去学习
15:29 Feudal Age
17:58 Loom
20:42 Castle Age
18:49 Double-Bit Axe
19:47 Horse Collar
22:34 Wheelbarrow
22:14 Bow Saw
22:09 Heavy Plow
25:00 Hand Cart
24:56 Gold Mining
25:13 Town Watch
29:08 Husbandry
29:29 Stone Mining
36:06 Imperial Age
34:01 Town Patrol
33:46 Treadmill Crane
34:16 Masonry
34:42 Bloodlines
33:53 Light Cavalry
34:46 Forging
34:41 Scale Barding Armor
35:48 Ballistics
35:49 Szlachta Privileges
37:32 Conscription
37:35 Fortified Wall
37:25 Cavalier
39:40 Iron Casting
39:26 Chain Barding Armor
40:36 Crop Rotation
41:58 Murder Holes
41:51 Winged Hussar
42:54 Lechitic Legacy
43:10 Hoardings
46:53 Blast Furnace
45:44 Fletching
50:30 Coinage
Connection lost

Rejoining the realm…

Still unreachable

The connection could not be restored.

Session expired

The server has moved on; the page needs a fresh start.